 Dungeon Crawl Stone Soup version 0.30.1-9-gdf580d7c3d (webtiles) character file.

Game seed: 10460827979775857392

656 valtara the Magician (level 7, -2/47 HPs)
             Began as a Djinni Fire Elementalist on Oct 6, 2023.
             Shot with an arrow by a centaur (10 damage)
             ... on level 5 of the Dungeon.
             The game lasted 00:34:31 (4403 turns).

valtara the Magician (Djinni Fire Elementalist)     Turns: 4403, Time: 00:34:33

Health: -2/47      AC:  4    Str:  7      XL:     7   Next: 85%
Gold:   218        EV: 13    Int: 23      God:
                   SH:  0    Dex: 13 (14)

rFire   + + .        s - +1 war axe (vamp)
rCold   x . .        (no shield)
rNeg    . . .        a - +0 robe
rPois   ∞            d - +1 helmet {Int+3}
rElec   .            (no cloak)
rCorr   .            (no gloves)
SInv    +            (boots unavailable)
Will    .....        c - amulet of faith
Stlth   ++           g - ring "Lesoud" {MP+9 Int+2 Slay-3 SInv}
HPRegen 0.27/turn    l - +4 ring of slaying
MPRegen 0.00/turn

%: faith, infuse magic (-3 HP)
@: flying
A: sickness immunity, fire resistance 2, cold vulnerability 1, float, innate
caster, HP casting, extra vitality 1
a: no special abilities


You were on level 5 of the Dungeon.
You visited 1 branch of the dungeon, and saw 5 of its levels.

You collected 218 gold pieces.

Inventory:

Hand Weapons
 b - a +0 hand axe of venom
 s - a +1 vampiric war axe (weapon)
Missiles
 j - 7 poisoned darts
 k - 15 stones (quivered)
Armour
 a - a +0 robe (worn)
 d - a +1 helmet of intelligence (worn)
Jewellery
 c - an amulet of faith (around neck)
 g - the ring "Lesoud" (left hand) {MP+9 Int+2 Slay-3 SInv}
   (You acquired it on level 2 of the Dungeon)

   [ring of see invisible]

   Int:       It affects your intelligence (+2).
   Slay:      It affects your accuracy & damage with ranged weapons and melee
   (-3).
   MP:        It affects your magic capacity (+9).
   SInv:      It lets you see invisible.
 i - a +6 ring of strength
 l - a +4 ring of slaying (right hand)
Wands
 m - a wand of polymorph (15)
Scrolls
 e - 2 scrolls of identify
 n - a scroll of blinking
 o - a scroll of teleportation
 q - a scroll of fear
Potions
 f - 2 potions of curing
 p - 2 potions of heal wounds


   Skills:
 + Level 1.0 Fighting
 + Level 0.5 Axes
 * Level 3.2 Dodging
 + Level 1.7 Stealth
 * Level 6.1 Spellcasting


You knew the following spells:

 Your Spells              Type           Power      Damage    Failure   Level
a - Foxfire               Conj/Fire      100%       2x1d9     1%          1
b - Scorch                Fire           70%        2d8       1%          2
c - Volatile Blastmotes   Fire/Tloc      70%        2d15      1%          3
d - Inner Flame           Hex/Fire       35%        N/A       1%          3
e - Flame Wave            Conj/Fire      35%        2d10      7%          4
f - Sandblast             Erth           70%        2d15      1%          1
g - Momentum Strike       Conj/Tloc      70%        3d9       1%          2
h - Wereblood             Tmut           35%        N/A       1%          2
Your spell library was empty.

Dungeon Overview and Level Annotations

Branches:
Dungeon (5/15)
 Temple: D:4-7

Altars:
Uskayaw
Xom
The Shining One

Shops:
D:1 [


Innate Abilities, Weirdness & Mutations

You are immune to sickness and miasma.
You are immune to poison.
Your flesh is very heat resistant. (rF++)
You are vulnerable to cold. (rC-)
You float through the air rather than walking.
You learn spells naturally, not from books.
Your magical power is your life essence.
You have superior vitality. (+4 MHP)


Message History

Flames lash the scorpion.
The scorpion is burned terribly!
You kill the scorpion!
You hear a croak.
The centaur shoots an arrow.
The arrow closely misses you.
The centaur shoots an arrow.
The arrow closely misses you.
The orc hits you from afar with a +1 trident of venom.
You feel your dexterity returning.
The centaur shoots an arrow.
The arrow hits you!
Casting: Scorch (safe; 1% risk of failure)
Confirm with . or Enter, or press ? or * to list all spells.
Flames lash the orc.
You kill the orc!
The centaur shoots an arrow.
The arrow completely misses you.
The centaur shoots an arrow.
The arrow closely misses you.
Casting: Scorch (safe; 1% risk of failure)
Confirm with . or Enter, or press ? or * to list all spells.
Flames lash the centaur.
The centaur is moderately wounded.
The centaur's fire resistance burns away.
* * * LOW HITPOINT WARNING * * *
You hear a croak.
The centaur shoots an arrow.
The arrow hits you.
* * * LOW HITPOINT WARNING * * *
An ice beast comes into view.
A hound comes into view.
You hear a bark!
Casting: Scorch (safe; 1% risk of failure)
Confirm with . or Enter, or press ? or * to list all spells.
Flames lash the centaur.
The centaur is burned terribly!
The centaur is almost dead.
* * * LOW HITPOINT WARNING * * *
The centaur shoots an arrow.
The arrow completely misses you.
The centaur shoots an arrow.
The arrow barely misses you.
Casting: Scorch (safe; 1% risk of failure)
Confirm with . or Enter, or press ? or * to list all spells.
Flames lash the hound.
The hound is moderately wounded.
The hound's fire resistance burns away.
* * * LOW HITPOINT WARNING * * *
The centaur shoots an arrow.
The arrow hits you!
You die...

...# .. ..Y. ...
..... .. #.. .....
..# #.. ......
...###.#####c.....
.................
##......h.@..#
#.$##........#
##..#.....).##
#..#...?....##
#..#.........##
#..#..#.........
.##.....#.........
......##.....##..#.
#............#..#


You could see an ice beast, a centaur (combustible) and a hound (combustible).

Vanquished Creatures
  Sigmund (D:3)
  A phantom (D:4)
  A bullfrog (D:4)
  A scorpion (D:5)
  An orc priest (D:3)
  A hound (D:4)
  Natasha (twice) (D:3)
  An iguana (D:4)
  3 gnolls (D:3)
  3 adders
  A worm (D:2)
  4 dart slugs
  6 orcs
  2 bats
  8 endoplasms
  6 giant cockroaches
  9 goblins
  4 hobgoblins
  15 jackals
  6 kobolds
  4 quokkas
  5 ball pythons
  5 frilled lizards
  8 rats
98 creatures vanquished.

Vanquished Creatures (others)
  70 foxfires
70 creatures vanquished.

Grand Total: 168 creatures vanquished

Notes
Turn   | Place    | Note
-------+----------+-------------------------------------------
     0 | D:1      | valtara the Djinni Fire Elementalist began the quest for
                  | the Orb.
     0 | D:1      | valtara set off with the following spells memorised:
                  | Foxfire, Scorch, Volatile Blastmotes, Inner Flame, Flame
                  | Wave.
     0 | D:1      | Reached XP level 1. HP: 15/15 MP: 0/0
   135 | D:1      | Reached XP level 2. HP: 21/21 MP: 0/0
   404 | D:1      | Reached skill level 3 in Spellcasting
   406 | D:1      | Reached XP level 3. HP: 10/25 MP: 0/0
   406 | D:1      | Learned a level 1 spell: Sandblast
   679 | D:1      | Found a faded altar of an unknown god.
   876 | D:1      | Found Zuofufei's Armour Shop.
  1305 | D:2      | Reached XP level 4. HP: 17/31 MP: 0/0
  1527 | D:2      | Identified a scroll of acquirement
  1527 | D:2      | Acquired the ring "Lesoud" {MP+9 Int+2 Slay-3 SInv}
  2281 | D:3      | Found a hide-covered altar of Uskayaw.
  2313 | D:3      | Noticed Sigmund
  2339 | D:3      | Killed Sigmund
  2340 | D:3      | Reached skill level 4 in Spellcasting
  2340 | D:3      | Reached XP level 5. HP: 26/36 MP: 0/0
  2340 | D:3      | Learned a level 2 spell: Momentum Strike
  2340 | D:3      | Reached XP level 6. HP: 29/41 MP: 0/0
  2868 | D:3      | Reached skill level 5 in Spellcasting
  3111 | D:3      | Found a shimmering altar of Xom.
  3191 | D:3      | Noticed Natasha
  3195 | D:3      | Killed Natasha
  3196 | D:3      | Reached skill level 1 in Fighting
  3274 | D:3      | Noticed Natasha
  3278 | D:3      | Killed Natasha
  3279 | D:3      | Reached XP level 7. HP: 37/47 MP: 0/0
  3279 | D:3      | Learned a level 2 spell: Wereblood
  3743 | D:4      | Found a glowing golden altar of the Shining One.
  4045 | D:4      | Reached skill level 6 in Spellcasting
  4367 | D:5      | Entered Level 5 of the Dungeon
  4403 | D:5      | Shot with an arrow by a centaur

Illustrated notes

Levels and vault maps discovered:
D:1:      lightli_arrival_isolated_outpost, layout_loops_ring, serial_shops,
          nicolae_shop_just_a_little_nook, hellmonk_ecumenical_altar_run_dry
D:2:      layout_basic, minmay_randomly_rotated_circles
D:3:      layout_loops_ring, mainiacjoe_overflow_small_starburst,
          mainiacjoe_overflow_concentric_impassable,
          hangedman_abyss_or_decor_stabs, kennysheep_generic_room_15,
          uniq_natasha, uniq_sigmund
D:4:      layout_cave_pools, lemuel_crystal_altar, serial_column_ruins,
          column_ruins_pillar_9, column_ruins_pillar_3, column_ruins_pillar_4,
          column_ruins_pillar_6, column_ruins_pillar_1, column_ruins_pillar_1,
          column_ruins_pillar_1, column_ruins_pillar_4, column_ruins_pillar_4,
          column_ruins_pillar_4, column_ruins_pillar_12, column_ruins_pillar_6,
          column_ruins_pillar_3, column_ruins_pillar_3, column_ruins_pillar_7,
          minmay_misc_feat_four_crosses
D:5:      layout_cave_pools, minmay_temple_entry_nine_rooms

Skill      XL: |  1  2  3  4  5  6  7 |
---------------+----------------------+-----
Spellcasting   | 3 4 5 6 |  6.1
Fighting       | 1 |  1.0
Dodging        | 3 |  3.2
Axes           | |  0.5
Stealth        | |  1.7

Action                     |  1- 3 |  4- 6 |  7- 9 || total
---------------------------+-------+-------+-------++-------
  Melee: Unarmed           |     5 |       |       ||     5
         Hand axe          |    17 |     5 |       ||    22
  Throw: Stone             |       |    25 |       ||    25
         Dart              |       |     4 |       ||     4
   Cast: Foxfire           |    38 |    13 |       ||    51
         Scorch            |     7 |    44 |    40 ||    91
         Sandblast         |     1 |     1 |       ||     2
         Volatile Blastmot |     1 |       |       ||     1
         Inner Flame       |       |     4 |       ||     4
         Momentum Strike   |       |     2 |       ||     2
    Use: Scroll            |     4 |     2 |     2 ||     8
         Potion            |     3 |     3 |     1 ||     7
   Stab: Sleeping          |     2 |       |       ||     2
 Armour: Robe              |     6 |     8 |     2 ||    16
  Dodge: Dodged            |    15 |    15 |    14 ||    44
